NCAA
WASHINGTON STATE COUGARS @ OKLAHOMA SOONERS
05/13/2026
 
TOP OF THE 1ST
Washington State Cougars batting - Pitching for Oklahoma Sooners : RHP Gonzalo Gutiérrez
Pitching: RHP Gonzalo Gutiérrez
Batting: RHB Bill McKinney 0-0: Called Strike
0-1: Swinging Strike
0-2: Strikes out swinging
Batting: RHB Mauro Paredes 0-0: SINGLE (Flyball, 3D)
Batting: RHB Thomas Bowman 0-0: Fly out, F9 (Flyball, 9M)
Batting: RHB Jesús Domínguez 0-0: Called Strike
0-1: Ball
1-1: Foul Ball, location: 2F
1-2: Ball
2-2: Foul Ball, location: 2F
2-2: Ball
3-2: Foul Ball, location: 2F
3-2: Ground out 1-3 (Groundball, 23)
Top of the 1st over - 0 run(s), 1 hit(s), 0 error(s), 1 left on base; Washington State 0 - Oklahoma 0
BOTTOM OF THE 1ST
Oklahoma Sooners batting - Pitching for Washington State Cougars : RHP Steve Weaver
Pitching: RHP Steve Weaver
Batting: SHB Ryan Holcomb 0-0: Ground out 1-3 (Groundball, 13S)
Batting: RHB José Ramos 0-0: Called Strike
0-1: Swinging Strike
0-2: Ball
1-2: Ball
2-2: Ball
3-2: Strikes out looking
Batting: SHB César Álvarez 0-0: Called Strike
0-1: Ball
1-1: Swinging Strike
1-2: Strikes out looking
Bottom of the 1st over - 0 run(s), 0 hit(s), 0 error(s), 0 left on base; Washington State 0 - Oklahoma 0
TOP OF THE 2ND
Washington State Cougars batting - Pitching for Oklahoma Sooners : RHP Gonzalo Gutiérrez
Batting: RHB John Hall 0-0: Ball
1-0: Foul Ball, location: 2F
1-1: DOUBLE (Groundball, 5L)
Batting: LHB Andrew Lockhart 0-0: Swinging Strike
0-1: Ball
1-1: Ball
2-1: Called Strike
2-2: Ball
3-2: Ground out 4-3 (Groundball, 4)
John Hall to third
Batting: RHB Ismael Rodríguez 0-0: Ball
1-0: Hit by Pitch
Batting: RHB Adam Gentry 0-0: Fly out, F8 (Flyball, 8LM)
Runner from 3rd tags up, SCORES, throw made
Batting: RHB Eddy Henderson 0-0: Ground out 1-3 (Groundball, 13S)
Top of the 2nd over - 1 run(s), 1 hit(s), 0 error(s), 1 left on base; Washington State 1 - Oklahoma 0
BOTTOM OF THE 2ND
Oklahoma Sooners batting - Pitching for Washington State Cougars : RHP Steve Weaver
Batting: RHB Sidney Boyd 0-0: Ground out 6-3 (Groundball, 6)
Batting: RHB Rafael Barajas 0-0: Ball
1-0: Ball
2-0: Reached on error, E4 (Groundball, 34)
Batting: RHB Martín Rodríguez 0-0: Swinging Strike
0-1: Ball
1-1: Foul Ball, location: 2F
1-2: Ball
2-2: Foul Ball, location: 2F
2-2: Strikes out swinging
Batting: SHB Pat Odom 0-0: Ball
1-0: Ball
2-0: Ball
3-0: Base on Balls
Batting: RHB Scott Williams 0-0: Fielders Choice at 2nd, 5-4 (Groundball, 56)
Bottom of the 2nd over - 0 run(s), 0 hit(s), 1 error(s), 1 left on base; Washington State 1 - Oklahoma 0
TOP OF THE 3RD
Washington State Cougars batting - Pitching for Oklahoma Sooners : RHP Gonzalo Gutiérrez
Batting: RHB Bill McKinney 0-0: Fly out, F7 (Flyball, 78S)
Batting: RHB Mauro Paredes 0-0: Ball
1-0: Foul Ball, location: 2F
1-1: Foul Ball, location: 2F
1-2: Strikes out swinging
Batting: RHB Thomas Bowman 0-0: Ball
1-0: Fly out, F9 (Line Drive, 89S)
Top of the 3rd over - 0 run(s), 0 hit(s), 0 error(s), 0 left on base; Washington State 1 - Oklahoma 0
BOTTOM OF THE 3RD
Oklahoma Sooners batting - Pitching for Washington State Cougars : RHP Steve Weaver
Batting: LHB Tristan Sims 0-0: Called Strike
Single, Error in OF, E8, batter to second base
Batting: SHB Ryan Holcomb 0-0: Ball
1-0: Called Strike
1-1: Ball
2-1: Ground out 3-1 (Groundball, 34S)
Tristan Sims to third
Batting: RHB José Ramos 0-0: Foul Ball, location: 2F
0-1: SINGLE (Flyball, 89S)
Tristan Sims scores
Batting: SHB César Álvarez 0-0: Fly out, F9 (Flyball, 9M)
Batting: RHB Sidney Boyd 0-0: Called Strike
0-1: Ball
1-1: Swinging Strike
1-2: Ball
2-2: Ground out 6-3 (Groundball, 6)
Bottom of the 3rd over - 1 run(s), 2 hit(s), 1 error(s), 1 left on base; Washington State 1 - Oklahoma 1
TOP OF THE 4TH
Washington State Cougars batting - Pitching for Oklahoma Sooners : RHP Gonzalo Gutiérrez
Batting: RHB Jesús Domínguez 0-0: Called Strike
0-1: Fly out, F9 (Flyball, 89M)
Batting: RHB John Hall 0-0: Fly out, F3 (Popup, 34)
Batting: LHB Andrew Lockhart 0-0: Foul Ball, location: 2F
0-1: Called Strike
0-2: Strikes out looking
Top of the 4th over - 0 run(s), 0 hit(s), 0 error(s), 0 left on base; Washington State 1 - Oklahoma 1
BOTTOM OF THE 4TH
Oklahoma Sooners batting - Pitching for Washington State Cougars : RHP Steve Weaver
Batting: RHB Rafael Barajas 0-0: Ball
1-0: Swinging Strike
1-1: Ball
2-1: Ball
3-1: Called Strike
3-2: Foul Ball, location: 2F
3-2: Strikes out swinging
Batting: RHB Martín Rodríguez 0-0: Ball
1-0: Ball
2-0: Ball
3-0: Called Strike
3-1: Foul Ball, location: 2F
3-2: Foul Ball, location: 2F
3-2: Foul Ball, location: 2F
3-2: Fly out, F9 (Flyball, 9S)
Batting: SHB Pat Odom 0-0: Ball
1-0: Ground out U3 (Groundball, 3S)
Bottom of the 4th over - 0 run(s), 0 hit(s), 0 error(s), 0 left on base; Washington State 1 - Oklahoma 1
TOP OF THE 5TH
Washington State Cougars batting - Pitching for Oklahoma Sooners : RHP Gonzalo Gutiérrez
Batting: RHB Ismael Rodríguez 0-0: Foul Ball, location: 2F
0-1: Ball
1-1: Ball
2-1: Ball
3-1: Foul Ball, location: 2F
3-2: Strikes out swinging
Batting: RHB Adam Gentry 0-0: Ball
1-0: Foul Ball, location: 2F
1-1: Ball
2-1: Foul Ball, location: 2F
2-2: Foul Ball, location: 2F
2-2: Ball
3-2: Foul Ball, location: 2F
3-2: Foul Ball, location: 2F
3-2: Foul Ball, location: 2F
3-2: Base on Balls
Batting: RHB Eddy Henderson 0-0: Ball
Wild Pitch!
Adam Gentry to second
1-0: Ground out 4-3 (Groundball, 13)
Adam Gentry to third
Batting: RHB Bill McKinney 0-0: Ball
1-0: Ground out 5-3 (Groundball, 56)
Top of the 5th over - 0 run(s), 0 hit(s), 0 error(s), 1 left on base; Washington State 1 - Oklahoma 1
BOTTOM OF THE 5TH
Oklahoma Sooners batting - Pitching for Washington State Cougars : RHP Steve Weaver
Batting: RHB Scott Williams 0-0: Ground out 4-3 (Groundball, 4M)
Batting: LHB Tristan Sims 0-0: Called Strike
0-1: Called Strike
0-2: Ball
1-2: Foul Ball, location: 2F
1-2: Ball
2-2: Strikes out looking
Batting: SHB Ryan Holcomb 0-0: Called Strike
0-1: Ball
1-1: Foul Ball, location: 2F
1-2: Strikes out swinging
Bottom of the 5th over - 0 run(s), 0 hit(s), 0 error(s), 0 left on base; Washington State 1 - Oklahoma 1
TOP OF THE 6TH
Washington State Cougars batting - Pitching for Oklahoma Sooners : RHP Gonzalo Gutiérrez
Batting: RHB Mauro Paredes 0-0: Ball
1-0: Ball
2-0: Ground out U3 (Groundball, 3S)
Batting: RHB Thomas Bowman 0-0: Called Strike
0-1: Ball
1-1: Swinging Strike
1-2: Strikes out swinging
Batting: RHB Jesús Domínguez 0-0: Ball
1-0: Ball
2-0: Fly out, F8 (Flyball, 8LS)
Top of the 6th over - 0 run(s), 0 hit(s), 0 error(s), 0 left on base; Washington State 1 - Oklahoma 1
BOTTOM OF THE 6TH
Oklahoma Sooners batting - Pitching for Washington State Cougars : RHP Steve Weaver
Batting: RHB José Ramos 0-0: Ball
1-0: Ball
2-0: Ball
3-0: Base on Balls
Batting: SHB César Álvarez 0-0: Ball
1-0: Ball
2-0: Fly out, F7 (Flyball, 7LS)
Batting: RHB Sidney Boyd 0-0: Ball
1-0: Fly out, F7 (Flyball, 7M)
Batting: RHB Rafael Barajas 0-0: Called Strike
0-1: Foul Ball, location: 2F
0-2: Strikes out swinging
Bottom of the 6th over - 0 run(s), 0 hit(s), 0 error(s), 1 left on base; Washington State 1 - Oklahoma 1
TOP OF THE 7TH
Washington State Cougars batting - Pitching for Oklahoma Sooners : RHP Gonzalo Gutiérrez
Batting: RHB John Hall 0-0: Called Strike
0-1: Called Strike
0-2: Ball
1-2: Foul Ball, location: 2F
1-2: SINGLE (Groundball, 56)
Batting: LHB Andrew Lockhart 0-0: Bunt - Flyout! F1
Batting: RHB Ismael Rodríguez 0-0: Ball
1-0: Reached on error, E5 (Groundball, 5)
John Hall to second
Pinch Hitting: RHB Juan Flores 0-0: Ball
1-0: SINGLE (Line Drive, 56D)
John Hall to third
Ismael Rodríguez to second
Pinch Hitting: RHB Brian Austin 0-0: Ball
1-0: Ball
2-0: Ball
3-0: Base on Balls
John Hall scores
Ismael Rodríguez to third
Juan Flores to second
Pitching: LHP Miguel Medine
Batting: RHB Bill McKinney 0-0: Called Strike
0-1: Foul Ball, location: 2F
0-2: Foul Ball, location: 2F
0-2: Foul Ball, location: 2F
0-2: Ball
1-2: Ball
2-2: Ball
3-2: Base on Balls
Ismael Rodríguez scores
Juan Flores to third
Brian Austin to second
Batting: RHB Mauro Paredes 0-0: Ball
1-0: Called Strike
1-1: Foul Ball, location: 2F
1-2: Strikes out swinging
Batting: RHB Thomas Bowman 0-0: Ball
1-0: Ball
2-0: Foul Ball, location: 2F
2-1: Ball
3-1: Base on Balls
Juan Flores scores
Brian Austin to third
Bill McKinney to second
Batting: RHB Jesús Domínguez 0-0: Ball
Wild Pitch!
Brian Austin scores
Bill McKinney to third
Thomas Bowman to second
1-0: Ball
2-0: Ball
3-0: Base on Balls
Batting: RHB John Hall 0-0: Ball
1-0: Fly out, F3 (Popup, 34)
Top of the 7th over - 4 run(s), 2 hit(s), 1 error(s), 3 left on base; Washington State 5 - Oklahoma 1
BOTTOM OF THE 7TH
Oklahoma Sooners batting - Pitching for Washington State Cougars : RHP Steve Weaver
Pitching: LHP Bob Franklin
Now at SS: Brian Austin
Now in RF: Nick Bailey
Batting: RHB Martín Rodríguez 0-0: Ball
1-0: Ball
2-0: Ball
3-0: Base on Balls
Batting: SHB Pat Odom 0-0: Ball
1-0: Fly out, F7 (Flyball, 7M)
Batting: RHB Scott Williams 0-0: Called Strike
0-1: Ball
1-1: Swinging Strike
1-2: Strikes out swinging
Batting: LHB Tristan Sims 0-0: Ball
1-0: Ball
2-0: Ball
3-0: Base on Balls
Martín Rodríguez to second
Batting: SHB Ryan Holcomb 0-0: Ball
1-0: Ground out 3-1 (Groundball, 23)
Bottom of the 7th over - 0 run(s), 0 hit(s), 0 error(s), 2 left on base; Washington State 5 - Oklahoma 1
TOP OF THE 8TH
Washington State Cougars batting - Pitching for Oklahoma Sooners : LHP Miguel Medine
Batting: LHB Andrew Lockhart 0-0: Ball
1-0: Ball
2-0: Called Strike
2-1: Ball
3-1: Foul Ball, location: 2F
3-2: Base on Balls
Batting: RHB Ismael Rodríguez 0-0: Ball
1-0: Ball
2-0: Sac Bunt - play at first, batter safe!
Andrew Lockhart to second
Batting: RHB Nick Bailey 0-0: Foul Ball, location: 2F
0-1: Swinging Strike
0-2: Ball
1-2: Ball
2-2: Strikes out swinging
Batting: RHB Brian Austin 0-0: Ball
1-0: Ball
2-0: Ball
3-0: Called Strike
3-1: Swinging Strike
3-2: Ground out U3 (Groundball, 3S)
Andrew Lockhart to third
Ismael Rodríguez to second
Batting: RHB Bill McKinney 0-0: Ball
1-0: Fly out, F6 (Line Drive, 6)
Top of the 8th over - 0 run(s), 1 hit(s), 0 error(s), 2 left on base; Washington State 5 - Oklahoma 1
BOTTOM OF THE 8TH
Oklahoma Sooners batting - Pitching for Washington State Cougars : LHP Bob Franklin
Batting: RHB José Ramos 0-0: Called Strike
0-1: Called Strike
0-2: Foul Ball, location: 2F
0-2: Ball
1-2: Ball
2-2: Ball
3-2: Foul Ball, location: 2F
3-2: SINGLE (Line Drive, 9S)
Batting: SHB César Álvarez 0-0: SINGLE (Line Drive, 7S)
José Ramos to second
Batting: RHB Sidney Boyd 0-0: Called Strike
0-1: Ball
1-1: Swinging Strike
1-2: Ball
2-2: Foul Ball, location: 2F
2-2: Foul Ball, location: 2F
2-2: Ball
3-2: Base on Balls
José Ramos to third
César Álvarez to second
Batting: RHB Rafael Barajas 0-0: Foul Ball, location: 2F
0-1: Foul Ball, location: 2F
0-2: Foul Ball, location: 2F
0-2: Fly out, F2 (Popup, 13S)
Batting: RHB Martín Rodríguez 0-0: Ball
1-0: Ball
2-0: Ball
3-0: Called Strike
3-1: Called Strike
3-2: Foul Ball, location: 2F
3-2: Grounds into double play, 5-4-3 (Groundball, 56)
Bottom of the 8th over - 0 run(s), 2 hit(s), 0 error(s), 2 left on base; Washington State 5 - Oklahoma 1
TOP OF THE 9TH
Washington State Cougars batting - Pitching for Oklahoma Sooners : LHP Miguel Medine
Batting: RHB Mauro Paredes 0-0: Ball
1-0: Called Strike
1-1: Foul Ball, location: 2F
1-2: Foul Ball, location: 2F
1-2: Foul Ball, location: 2F
1-2: Ball
2-2: SOLO HOME RUN (Flyball, 7D), Distance : 355 ft
Pitching: RHP Dave Kelly
Batting: RHB Thomas Bowman 0-0: Ball
1-0: Ball
2-0: Ball
3-0: Base on Balls
Batting: RHB Jesús Domínguez 0-0: Ball
1-0: Ground out U3 (Groundball, 3S)
Thomas Bowman to second
Batting: RHB John Hall 0-0: Foul Ball, location: 2F
0-1: Ball
1-1: Ground out 6-3 (Groundball, 6M)
Thomas Bowman to third
Batting: LHB Andrew Lockhart 0-0: Ball
1-0: Ball
2-0: SINGLE (Line Drive, 6MD)
Thomas Bowman scores
Batting: RHB Ismael Rodríguez 0-0: Ball
Andrew Lockhart steals 2nd base
1-0: Ball
2-0: Ball
3-0: Called Strike
3-1: Called Strike
3-2: Base on Balls
Batting: RHB Nick Bailey 0-0: Ball
1-0: Ball
2-0: Foul Ball, location: 2F
2-1: Foul Ball, location: 2F
2-2: Foul Ball, location: 2F
2-2: Ball
3-2: Base on Balls
Andrew Lockhart to third
Ismael Rodríguez to second
Batting: RHB Brian Austin 0-0: Ball
1-0: Called Strike
1-1: SINGLE (Line Drive, 8LS)
Andrew Lockhart scores
Ismael Rodríguez to third
Nick Bailey to second
Runner from 3rd tries for Home, SAFE, no throw or cutoff
Batting: RHB Bill McKinney 0-0: Called Strike
0-1: Ball
1-1: Fielders Choice at 2nd, 5-4 (Groundball, 5)
Top of the 9th over - 4 run(s), 3 hit(s), 0 error(s), 1 left on base; Washington State 9 - Oklahoma 1
BOTTOM OF THE 9TH
Oklahoma Sooners batting - Pitching for Washington State Cougars : LHP Bob Franklin
Pitching: RHP Lawrence Thomas
Batting: SHB Pat Odom 0-0: Ball
1-0: Ball
2-0: Fly out, F8 (Flyball, 8LM)
Batting: RHB Scott Williams 0-0: Called Strike
0-1: Called Strike
0-2: Ball
1-2: Strikes out swinging
Batting: LHB Tristan Sims 0-0: Ground out 4-3 (Groundball, 4)
Bottom of the 9th over - 0 run(s), 0 hit(s), 0 error(s), 0 left on base; Washington State 9 - Oklahoma 1
Monday, December 5th, 2016 - OOTP Baseball 17.12 Build 75